Map: Eternal Empire LE

Players

Misery

  • Race: Terran Terran
  • League: Master
  • Spawn Location: 7:00

Skyler - Winner!

  • Race: Terran Terran
  • League: Grandmaster
  • Spawn Location: 1:00

VOD

Have the link to the VOD?

Description

4 Rax Reaper TvP/T

Time

  • Played on: Dec. 12, 2019, 7:42 a.m.
  • Length: 3:30
Show
View Real Time Build Order
Export as new Build Order

Misery Terran 

Build Orders:  

Get SALT Encoding   

  12  0:00  SCV  
  13  0:13  SCV  
  14  0:17  Supply Depot  
  14  0:25  SCV  
  15  0:31  Refinery  
  15  0:38  SCV  
  16  0:45  Barracks  
  16  0:50  SCV  
  17  1:08  SCV, Barracks  
  18  1:20  SCV  
  19  1:33  Reaper  
  19  1:34  Orbital Command  
  19  1:39  Supply Depot  
  20  1:56  Reaper  
  20  1:59  SCV  
  22  2:08  Reaper  
  23  2:15  Command Center  
  23  2:19  SCV  
  24  2:24  Refinery  
  23  2:44  Reaper x2  
  24  2:49  SCV  
  24  3:01  SCV  
  19  3:16  SCV  
Show
View Real Time Build Order
Export as new Build Order

Skyler Terran - Winner!

Build Orders:  

Get SALT Encoding   

  12  0:00  SCV  
  13  0:13  SCV  
  14  0:18  Supply Depot  
  14  0:25  SCV  
  15  0:41  Barracks  
  15  0:45  Refinery  
  15  0:58  Barracks  
  15  1:02  SCV  
  16  1:10  Refinery  
  16  1:30  Reaper  
  16  1:32  Barracks  
  17  1:45  Reaper  
  18  1:52  Barracks  
  18  2:02  Reaper  
  19  2:17  Reaper  
  19  2:19  Reaper  
  21  2:26  Supply Depot  
  21  2:42  Reaper  
  21  2:43  Reaper  
  23  2:49  Reaper  
  24  2:56  Reaper  
Tags
 
Add a new tag
Caveats
  • Supply blocks, unpowered buildings, or Contaminate may cause inaccurate times.
  • Supply counts are checked every 10 seconds.